 Seeded DCSS version 0.30.0-5-g1a98f26d00 (webtiles) character file.

Game seed: 3 (custom seed)

253 Kazon the Chopper (level 6, -2/45 (53) HPs)
             Began as a Hill Orc Monk on May 10, 2023.
             Was a Believer of Beogh.
             Slain by a gnoll
             ... wielding a +2 flail of draining
              (8 damage)
             ... on level 4 of the Dungeon on May 11, 2023.
             The game lasted 00:12:22 (2422 turns).

Kazon the Chopper (Hill Orc Monk)                   Turns: 2422, Time: 00:12:22

HP:   -2/45 (53)    AC: 12    Str: 19    XL:     6   Next: 14%
MP:   6/7           EV:  6    Int: 10    God:    Beogh [**....]
Gold: 248           SH:  0    Dex: 13    Spells: 4/5 levels left

rFire   + . .        e - +0 war axe
rCold   . . .        d - orb {light}
rNeg    . . .        u - +0 plate armour
rPois   .            (no helmet)
rElec   .            (no cloak)
rCorr   .            x - +1 pair of gloves {Str+3}
SInv    .            (no boots)
Will    .....        (no amulet) Stlth
                     b - ring of protection from fire
HPRegen 0.27/turn    (no ring)
MPRegen 0.10/turn

%: no passive effects
@: glowing, heavily drained
A: no striking features
a: Renounce Religion, Smiting


You were on level 4 of the Dungeon.
You worshipped Beogh.
Beogh was pleased with you.
You visited 1 branch of the dungeon, and saw 4 of its levels.

You collected 248 gold pieces.

Inventory:

Hand Weapons
 a - a +0 mace
 e - a +0 war axe (weapon)
Missiles
 l - 23 stones (quivered)
 t - 7 poisoned darts
 w - a curare-tipped dart
Armour
 d - an orb of light (worn)
 u - a +0 plate armour (worn)
 x - a +1 pair of gloves of strength (worn)
Jewellery
 b - a ring of protection from fire (left hand)
Wands
 v - a wand of flame (7)
Scrolls
 f - 2 scrolls of fear {unknown}
 g - 2 scrolls of vulnerability {unknown}
 h - 2 scrolls of identify {unknown}
 k - a scroll of enchant weapon {unknown}
 m - a scroll of blinking {unknown}
 n - 3 scrolls of teleportation {unknown}
 p - a scroll of fog {unknown}
 q - a scroll of enchant armour {unknown}
Potions
 c - 2 potions of ambrosia
 i - 3 potions of degeneration {unknown}
 j - 3 potions of heal wounds {unknown}
 o - a potion of curing {unknown}
 r - 4 potions of brilliance {unknown}
 s - a potion of magic {unknown}


   Skills:
 + Level 4.4 Fighting
 + Level 5.1(5.9) Axes
 + Level 3.6(4.6) Maces & Flails
 + Level 0.1 Throwing
 + Level 1.2 Armour
 + Level 2.9 Dodging
 + Level 0.1 Stealth
 + Level 0.2 Spellcasting
 + Level 0.2 Transmutations
 * Level 1.5 Invocations
 * Level 0.9 Evocations


You had 4 spell levels left.
You knew the following spells:

 Your Spells              Type           Power      Damage    Failure   Level
a - Beastly Appendage     Tmut           0%         N/A       100%        1

Your spell library contained the following spells:

 Spells                   Type           Power      Damage    Failure   Level
 Wereblood                Tmut           0%         N/A       100%        2
 Spider Form              Tmut/Pois      0%         N/A       100%        3


Dungeon Overview and Level Annotations

Branches:
Dungeon (4/15)
 Temple: D:4-7

Altars:

Shops:
D:3 [


Message History

The gnoll hits you with a +0 flail.
You hit the gnoll.
The gnoll is heavily wounded.
The gnoll hits you with a +0 flail.
You hit the gnoll.
You kill the gnoll!
Beogh accepts your kill.
You hit the gnoll.
The gnoll is moderately wounded.
The gnoll hits you with a +2 flail of draining.
You feel drained.
The gnoll hits you from afar with a +0 halberd.
The gnoll hits you but does no damage. The gnoll closely misses you.
You hit the gnoll.
The gnoll is heavily wounded.
The gnoll hits you with a +2 flail of draining.
You feel drained. The gnoll hits you but does no damage.
You hit the gnoll but do no damage.
The gnoll is heavily wounded.
The gnoll hits you with a +2 flail of draining!
You feel drained. The gnoll barely misses you.
You hit the gnoll.
The gnoll is severely wounded.
The gnoll hits you but does no damage.
You feel drained.
The gnoll hits you from afar with a +0 halberd.
You barely miss the gnoll.
The gnoll is severely wounded.
The gnoll barely misses you. The gnoll closely misses you.
The gnoll hits you from afar with a +0 halberd.
The gnoll hits you but does no damage.
You feel drained.
You hit the gnoll but do no damage.
The gnoll is severely wounded.
The gnoll hits you with a +2 flail of draining.
You feel drained.
The gnoll hits you from afar with a +0 halberd!
* * * LOW HITPOINT WARNING * * *
You hit the gnoll.
The gnoll is severely wounded.
The gnoll hits you with a +2 flail of draining!
You die...

..[....$..... ....
#.>......... ........
#..g........ #........
#.......# . .... #...
##.....# .##... #...
#..##### ....# #... #.##
#...# ##..
###.#########...# ....
###....gg@........####....
##....##########o........#
##..#### #..........#
#...# ##..........# #..##
#...........# ####
#.#.........#
#####...........#
#.....####...##### #...###
###..## #


You could see 2 gnolls and a neutral orc (wandering).

Vanquished Creatures
  A scorpion (D:3)
  An orc wizard (D:4)
  A gnoll (D:4)
  2 adders (D:2)
  A worm (D:2)
  2 dart slugs
  An orc (D:3)
  4 bats
  5 endoplasms
  5 giant cockroaches
  10 goblins
  7 hobgoblins
  5 jackals
  3 kobolds
  4 quokkas
  4 ball pythons
  6 frilled lizards
  4 rats
66 creatures vanquished.

Vanquished Creatures (others)
  A kobold brigand (D:4)
  An orc (D:4)
2 creatures vanquished.

Grand Total: 68 creatures vanquished

Notes
Turn   | Place    | Note
-------+----------+-------------------------------------------
     0 | D:1      | Kazon the Hill Orc Monk began the quest for the Orb.
     0 | D:1      | Reached XP level 1. HP: 19/19 MP: 1/1
   101 | D:1      | Reached XP level 2. HP: 27/27 MP: 2/2
   116 | D:1      | Found a faded altar of an unknown god.
   270 | D:1      | Learned a level 1 spell: Beastly Appendage
   474 | D:1      | Reached skill level 1 in Axes
   626 | D:1      | Reached XP level 3. HP: 27/33 MP: 1/3
   910 | D:2      | Reached skill level 2 in Axes
  1170 | D:2      | Reached XP level 4. HP: 37/40 MP: 4/4
  1412 | D:3      | Reached skill level 3 in Axes
  1997 | D:3      | Found Ydegiw's Antique Armour Boutique.
  2165 | D:4      | Noticed a scorpion
  2180 | D:3      | Killed a scorpion
  2181 | D:3      | Reached skill level 4 in Axes
  2181 | D:3      | Reached XP level 5. HP: 46/46 MP: 5/5
  2229 | D:4      | Became a worshipper of Beogh the Brigand
  2229 | D:4      | Reached * piety under Beogh
  2229 | D:4      | Reached ** piety under Beogh
  2237 | D:4      | Noticed a kobold brigand
  2251 | D:4      | Killed a kobold brigand
  2252 | D:4      | Reached skill level 5 in Axes
  2252 | D:4      | Reached skill level 1 in Armour
  2252 | D:4      | Reached skill level 1 in Invocations
  2252 | D:4      | Reached XP level 6. HP: 11/53 MP: 6/6
  2422 | D:4      | Slain by a gnoll

Illustrated notes

Levels and vault maps discovered:
D:1:      beargit_arrival_greenhouse, layout_loops_ring,
          nicolae_ecumenical_lake_church, grunt_decor_mini_mirrors
D:2:      layout_basic
D:3:      layout_basic, serial_shops, shop
D:4:      layout_rooms, nemelex_xobeh_ov_fountains_minmay,
          uniq_crazy_yiuf_cottage

Skill      XL: |  1  2  3  4  5 |
---------------+----------------+-----
Fighting       | 4 |  4.4
Axes           | 1 2 4 5 |  5.1
Armour         | 1 |  1.2
Invocations    | 1 |  1.5
Maces & Flails | |  3.6
Throwing       | |  0.1
Dodging        | |  2.9
Stealth        | |  0.1
Spellcasting   | |  0.2
Transmutations | |  0.2
Evocations     | |  0.9

Action                     |  1- 3 |  4- 6 || total
---------------------------+-------+-------++-------
  Melee: War axe           |    84 |    89 ||   173
         Mace              |     1 |       ||     1
         Headbutt          |     3 |       ||     3
         Kick              |     1 |       ||     1
  Throw: Stone             |     1 |    10 ||    11
   Cast: Beastly Appendage |     5 |       ||     5
 Invoke: Convert to Beogh  |       |     1 ||     1
 Armour: Robe              |    27 |     7 ||    34
         Plate armour      |       |    44 ||    44
  Dodge: Dodged            |    50 |    40 ||    90
